 Dungeon Crawl Stone Soup version 0.18.1-48-g4cf74bf (webtiles) character file.

28 TuxedoFelix the Skirmisher (level 3, 0/29 HPs)
             Began as a Demonspawn Chaos Knight on July 13, 2016.
             Slain by a hobgoblin
             ... wielding a cursed -3 club
              (3 damage)
             ... on level 1 of the Dungeon.
             The game lasted 00:06:15 (748 turns).

TuxedoFelix the Skirmisher (Demonspawn Chaos Knight) Turns: 748, Time: 00:06:16

Health: 0/29       AC:  7    Str: 13    XL:     3   Next: 0%
Magic:  3/3        EV: 11    Int: 13    God:    Xom [...*..]
Gold:   26         SH:  0    Dex: 12    Spells: 0 memorised, 2 levels left

rFire  . . .     SeeInvis .     k - +1 whip (elec)
rCold  . . .     Gourm    .     b - +2 leather armour
rNeg   . . .     Faith    .     (no shield)
rPois  .         Spirit   .     (no helmet)
rElec  .         Dismiss  .     (no cloak)
rCorr  .         Reflect  .     (no gloves)
SustAt .         Harm     .     (no boots)
MR     .....                    (no amulet)
Stlth  +.........               (no ring)
                                (no ring)

@: not resistant to hostile enchantments, very unstealthy
A: hooves 1, slimy green scales 1
a: Renounce Religion


You were on level 1 of the Dungeon.
You worshipped Xom.
You were a favourite toy of Xom.
You were not hungry.

You visited 1 branch of the dungeon, and saw 1 of its levels.

You collected 26 gold pieces.

Inventory:

Hand Weapons
 a - a +0 mace of chaos
 k - a +1 whip of electrocution (weapon)
Armour
 b - a +2 leather armour (worn)
Scrolls
 d - 2 scrolls of remove curse {unknown}
 e - a scroll of fog {unknown}
 h - a scroll of enchant weapon {unknown}
 i - a scroll of identify {unknown}
Potions
 g - a potion of cancellation {unknown}
Miscellaneous
 f - a stone of tremors
Comestibles
 c - a bread ration
 j - a meat ration


   Skills:
 + Level 3.4 Fighting
 + Level 3.2 Maces & Flails
 + Level 2.0 Armour
 + Level 1.0 Dodging


You had 2 spell levels left.
You didn't know any spells.

Dungeon Overview and Level Annotations

Branches:
Dungeon (1/15)

Altars:


Innate Abilities, Weirdness & Mutations

You have large cloven feet.
You are partially covered in slimy green scales (AC +2).


Message History

You swap places.
You swap places.
You swap places.
You swap places.
Your butterfly disappears in a puff of smoke!
An ooze comes into view.
The ooze quivers.
Your butterfly disappears in a puff of smoke!
The ooze hits you.
* * * LOW HITPOINT WARNING * * *
A hobgoblin comes into view. It is wielding a club.
The hobgoblin shouts!
The ooze barely misses you. The hobgoblin hits you with a club.
* * * LOW HITPOINT WARNING * * *
Found a leather armour.
You barely miss the hobgoblin. The ooze closely misses you.
The hobgoblin hits you with a club.
You die... "I guess I need a new plaything now."

.#.##.#.##.##.#
......#.......#####
.#.........#......# #######
.##########.......##.......
.## ####.........# ..#
#......####### ..#
#........# ..# #..#####J#
..#######..# #@#
.........b.# #g#
[.######...# #..
..######...#####...
...................[
............##.......
.........#..##.##.....
..######...............
..######.#.#######


You could see an ooze and a hobgoblin.

Vanquished Creatures
  2 dart slugs (D:1)
  2 giant geckos (D:1)
  2 giant cockroaches (D:1)
  3 hobgoblins (D:1)
  2 jackals (D:1)
  2 bats (D:1)
  5 goblins (D:1)
  2 kobolds (D:1)
20 creatures vanquished.

Notes
Turn   | Place    | Note
--------------------------------------------------------------
     0 | D:1      | TuxedoFelix the Demonspawn Chaos Knight began the quest for the Orb.
     0 | D:1      | Reached XP level 1. HP: 18/18 MP: 1/1
    10 | D:1      | XOM: silly message
   157 | D:1      | Reached skill level 1 in Dodging
   215 | D:1      | Gained mutation: You are partially covered in slimy green scales (AC +2). [demonic ancestry]
   215 | D:1      | Reached XP level 2. HP: 24/24 MP: 2/2
   275 | D:1      | XOM: god gift: stone of tremors
   276 | D:1      | XOM: enchant monster (good)
   714 | D:1      | XOM: butterfly on damage
   715 | D:1      | Gained mutation: You have large cloven feet. [demonic ancestry]
   715 | D:1      | Reached XP level 3. HP: 6/29 MP: 3/3
   748 | D:1      | Slain by a hobgoblin

Skill      XL: |  1  2 |
---------------+-------+-----
Dodging        | 1 |  1.0
Maces & Flails | 3 |  3.2
Armour         | 2 |  2.0
Fighting       | |  3.4

Action                   || total
-------------------------++-------
Melee: Mace              ||    62
       Whip              ||     1
Armor: Leather armour    ||    30
Dodge: Dodged            ||    46
